 Dungeon Crawl Stone Soup version 0.25-a0-697-g890751e (webtiles) character file.

Game seed: 3288346519903453763, levelgen mode: deterministic

2908 Faca the Fighter (level 10, -1/85 HPs)
             Began as a Human Fighter on Apr 1, 2020.
             Was a Priest of Okawaru.
             Shot with an arrow by a centaur (5 damage)
             ... on level 7 of the Dungeon.
             The game lasted 00:15:49 (6304 turns).

Faca the Fighter (Human Fighter)                    Turns: 6304, Time: 00:15:49

Health: -1/85      AC: 12    Str: 19    XL:     10   Next: 6%
Magic:  10/10      EV:  5    Int: 10    God:    Okawaru [***...]
Gold:   466        SH: 10    Dex: 12    Spells: 9/9 levels left

rFire    . . .     SeeInvis .   a - +1 flail
rCold    . . .     Gourm    .   c - +1 kite shield
rNeg     . . .     Faith    .   p - +0 chain mail
rPois    .         Spirit   .   g - +2 helmet
rElec    .         Reflect  .   (no cloak)
rCorr    .         Harm     .   (no gloves)
MR       .....                  (no boots)
Stlth    ..........             (no amulet)
HPRegen  0.24/turn              (no ring)
MPRegen  0.12/turn              (no ring)

@: very slightly contaminated, invisible
A: no striking features
a: Heroism, Renounce Religion


You were on level 7 of the Dungeon.
You worshipped Okawaru.
Okawaru was most pleased with you.
You were not hungry.

You visited 2 branches of the dungeon, and saw 8 of its levels.

You collected 466 gold pieces.

Inventory:

Hand Weapons
 a - a +1 flail (weapon)
Missiles
 n - 27 boomerangs (quivered)
 o - 15 javelins
 w - a throwing net
Armour
 c - a +1 kite shield (worn)
 g - a +2 helmet (worn)
 p - a +0 chain mail (worn)
Wands
 b - a wand of scattershot (7)
 m - a wand of clouds (3)
Scrolls
 h - 4 scrolls of teleportation
 l - a scroll of fear
 q - a scroll of remove curse
 u - 2 scrolls of magic mapping
Potions
 d - 2 potions of mutation
 e - a potion of cancellation
 i - 3 potions of resistance
 j - a potion of haste
 k - 2 potions of lignification
 t - 2 potions of might
 x - a potion of curing {unknown}
Comestibles
 f - 16 rations
 v - 3 chunks of flesh


   Skills:
 + Level 9.8 Fighting
 + Level 9.6 Maces & Flails
 - Level 3.0 Armour
 - Level 3.0 Shields


You had 9 spell levels left.
You didn't know any spells.
Your spell library was empty.

Dungeon Overview and Level Annotations

Branches:
Dungeon (7/15)             Temple (1/1) D:4

Altars:
Ashenzari
Cheibriados
Dithmenos
Elyvilon
Fedhas
Gozag
Hepliaklqana
Kikubaaqudgha
Makhleb
Nemelex Xobeh
Okawaru
Qazlal
Ru
Sif Muna
Trog
Uskayaw
Vehumet
Wu Jian
Xom
Yredelemnul
Zin
The Shining One

Annotations:
D:5 5 runed translucent doors


Message History

The centaur hits you but does no damage.
The crimson imp blinks!
The bullfrog skeleton hits you.
* * * LOW HITPOINT WARNING * * *
The centaur hits you.
* * * LOW HITPOINT WARNING * * *
It was a potion of invisibility.
You fade into invisibility!
The bullfrog skeleton hits you but does no damage.
You block the centaur's attack.
You are very lightly contaminated with residual magic.
The centaur wields a +0 shortbow.
The centaur shoots an arrow.
You block the arrow.
The centaur shoots an arrow.
The arrow hits the bullfrog skeleton!
You see here an arrow.
The centaur shoots an arrow.
The arrow hits the crimson imp!
Things that are here:
a +0 dagger; a cursed +0 robe; an orc corpse The crimson imp shouts, "Get thee gone, thou unctious earth-vexing harpy!"
The centaur shoots an arrow.
The arrow hits you.
You die...

#....######.......##...#...
..5.# ##..(..............
.### #.....aZ...........
#.....5(...........
#......c...........
#..##...(.#..>.....
########...).##.......
#...###......# ##.....
#.☼)#..#..)@[# .....
#÷÷..###...<.# .... ######
#.....# ..<. #......#
.........## ..........#
...######## ... ..


You could see a centaur, a worker ant, a crimson imp and a bullfrog skeleton.

Vanquished Creatures
  A two-headed ogre (D:5)
  Sigmund (D:2)
  Eustachio (D:4)
  2 water moccasins (D:5)
  An orc warrior (D:7)
  A sky beast (D:5)
  A necrophage (D:5)
  4 ogres
  3 centaurs (D:6)
  Blork the orc (D:4)
  3 bullfrogs
  A scorpion (D:4)
  4 howler monkeys
  A crimson imp (D:5)
  A hound (D:7)
  A jelly (D:6)
  An orc wizard (D:7)
  6 worker ants
  Ijyb (D:4)
  A hound skeleton (D:7)
  A hound zombie (D:6)
  2 adders
  4 gnolls (D:5)
  A shadow imp (D:5)
  4 oozes
  2 adder skeletons
  A worm (D:2)
  A dart slug (D:1)
  3 leopard geckos
  12 orcs
  7 bats
  3 giant cockroaches
  11 goblins
  8 hobgoblins
  2 jackals (D:1)
  A quokka (D:5)
  2 ball pythons
  3 frilled lizards
  2 kobolds
  4 rats (D:1)
110 creatures vanquished.

Notes
Turn   | Place    | Note
-------+----------+-------------------------------------------
     0 | D:1      | Faca the Human Fighter began the quest for the Orb.
     0 | D:1      | Reached XP level 1. HP: 18/18 MP: 1/1
   154 | D:1      | Reached XP level 2. HP: 24/24 MP: 2/2
   609 | D:1      | Reached XP level 3. HP: 29/29 MP: 3/3
  1036 | D:2      | Found a sacrificial altar of Ru,
  1114 | D:2      | Noticed Sigmund
  1121 | D:2      | Killed Sigmund
  1121 | D:2      | Reached XP level 4. HP: 38/38 MP: 4/4
  1121 | D:2      | Reached XP level 5. HP: 43/43 MP: 5/5
  1121 | D:2      | Reached XP level 6. HP: 50/50 MP: 6/6
  1400 | D:3      | Reached skill level 5 in Fighting
  1999 | D:4      | Noticed Eustachio
  2107 | D:4      | Noticed Ijyb
  2114 | D:4      | Paralysed by Ijyb for 3 turns
  2119 | D:4      | Paralysed by Ijyb for 3 turns
  2137 | D:4      | Killed Ijyb
  2450 | D:4      | Killed Eustachio
  2450 | D:4      | Reached skill level 5 in Maces & Flails
  2450 | D:4      | Reached XP level 7. HP: 32/56 MP: 7/7
  2848 | D:4      | Noticed Blork the orc
  2856 | D:4      | Killed Blork the orc
  3086 | D:4      | Found a staircase to the Ecumenical Temple,
  3092 | Temple   | Entered the Ecumenical Temple
  3151 | Temple   | Became a worshipper of Warmaster Okawaru
  3260 | D:4      | Found a basalt altar of Yredelemnul,
  3260 | D:4      | Found a glowing silver altar of Zin,
  3261 | D:4      | Found a stormy altar of Qazlal,
  3348 | D:5      | Entered Level 5 of the Dungeon
  3367 | D:5      | Found the +9 staff of Olgreb {rPois∞}
  3557 | D:5      | Found a runed translucent gate,
  3557 | D:5      | Found a runed translucent gate,
  3557 | D:5      | Noticed a soldier ant
  3557 | D:5      | Noticed a soldier ant
  3557 | D:5      | Noticed a soldier ant
  3558 | D:5      | Found a runed translucent door,
  3621 | D:5      | Noticed a water moccasin
  3632 | D:5      | Killed a water moccasin
  3632 | D:5      | Reached XP level 8. HP: 37/65 MP: 8/8
  4037 | D:5      | Reached * piety under Okawaru
  4531 | D:5      | Found a runed translucent gate,
  4532 | D:5      | Found a runed translucent door,
  4835 | D:6      | Noticed a two-headed ogre
  4877 | D:5      | Killed a two-headed ogre
  4877 | D:5      | Reached ** piety under Okawaru
  4877 | D:5      | Reached XP level 9. HP: 39/75 MP: 6/9
  6255 | D:7      | Reached *** piety under Okawaru
  6279 | D:7      | Reached XP level 10. HP: 55/84 MP: 10/10
  6289 | D:7      | HP: 4/84 [ogre/+0 giant spiked club (19)]
  6297 | D:7      | HP: 4/85 [bullfrog skeleton (1)]
  6304 | D:7      | Shot with an arrow by a centaur

Levels and vault maps discovered:
D:1:      lightli_arrival_farm, layout_loops_corners, minmay_unequal
D:2:      cheibrodos_greedy_goblins, layout_rooms, overflow_temple_1_default,
          first_ration, uniq_sigmund
D:3:      layout_loops_ring
D:4:      layout_loops_ring, gammafunk_temple_overflow_claw,
          minmay_temple_entry_nine_rooms, minmay_pentomino_pile, uniq_ijyb,
          uniq_eustachio, uniq_blork_the_orc
D:5:      layout_basic, serial_park_tiny_1, chequers_serial_rivers_room_b,
          minmay_guarded_unrand_staff_of_olgreb
D:6:      nicolae_whirlpool, layout_cave_pods, minmay_chambers_of_fives
D:7:      layout_rooms, grunt_ogre_cave
Temple:   compressed_dpeg_circular_temple

Skill      XL: |  1  2  3  4  5  6  7  8  9 |
---------------+----------------------------+-----
Maces & Flails | 4 5 6 8 9 |  9.6
Fighting       | 4 5 6 8 9 |  9.8
Armour         | |  3.0
Shields        | |  3.0

Action                   |  1- 3 |  4- 6 |  7- 9 | 10-12 || total
-------------------------+-------+-------+-------+-------++-------
Melee: Flail             |    85 |    94 |   276 |    14 ||   469
Throw: Boomerang         |       |     5 |    26 |       ||    31
Invok: Heroism           |       |       |     1 |       ||     1
Evoke: Wand              |       |       |     1 |       ||     1
  Use: Scroll            |     1 |    10 |     5 |       ||    16
       Potion            |     1 |       |     1 |     2 ||     4
  Eat: Chunk             |     1 |     3 |    10 |       ||    14
       Ration            |       |       |     1 |       ||     1
Armor: Scale mail        |    54 |    34 |       |       ||    88
       Chain mail        |       |    11 |   164 |    10 ||   185
Dodge: Dodged            |    31 |    25 |    53 |       ||   109
Block: Kite shield       |    44 |    27 |   159 |     9 ||   239

Table legend:
 A = Non-vault XP
 B = Vault XP
 C = Vault XP percentage of total XP
 D = Non-vault monster count
 E = Vault monster count
 F = Vault count percentage of total count
                 A         B        C        D         E       F
            +---------+---------+-------+---------+---------+-------
      Total |    1917 |    2238 |  53.9 |      83 |      27 |  24.5
            +---------+---------+-------+---------+---------+-------
        D:1 |      37 |       4 |   9.8 |      20 |       2 |   9.1
        D:2 |      23 |     243 |  91.4 |       8 |      12 |  60.0
        D:3 |       6 |       0 |   0.0 |       4 |       0 |   0.0
        D:4 |      77 |     379 |  83.1 |       5 |       5 |  50.0
        D:5 |     633 |    1151 |  64.5 |      19 |       3 |  13.6
        D:6 |     374 |     343 |  47.8 |      11 |       4 |  26.7
        D:7 |     767 |     118 |  13.3 |      16 |       1 |   5.9
            +---------+---------+-------+---------+---------+-------
